 Dungeon Crawl Stone Soup version 0.16.1-7-g2c6721e (webtiles) character file.

117678 Chiseanne the Imperceptible (level 16, -18/69 HPs)
             Began as a Spriggan Assassin on Mar 28, 2015.
             Was a High Priest of Dithmenos.
             Killed from afar by a shock serpent (29 damage)
             ... with a bolt of electricity
             ... on level 3 of the Snake Pit on Mar 29, 2015.
             The game lasted 03:58:18 (39636 turns).

Chiseanne the Imperceptible (Spriggan Assassin)    Turns: 39636, Time: 03:58:18

Health: -18/69     AC:  5    Str:  7    XL:     16   Next: 23%
Magic:  0/35       EV: 40    Int: 13    God:    Dithmenos [*****.]
Gold:   2873       SH:  0    Dex: 24    Spells: 3 memorised, 9 levels left

rFire  + . .     SeeInvis +     d - +4 dagger (venom)
rCold  + . .     Clarity  .     S - troll hide
rNeg   . . .     SustAb   .     (shield restricted)
rPois  .         Gourm    .     (helmet restricted)
rElec  .         Spirit   +     l - +2 cloak of Dogma {MR+ Slay+2}
rCorr  .         Warding  .     (gloves unavailable)
rMut   .         Stasis   .     (boots unavailable)
MR     +++..                    P - amulet of guardian spirit
Stlth  ++++++++++               U - ring of protection from cold
                                I - ring of protection from fire

@: wreathed by umbra, very quick, extremely resistant to hostile enchantments,
uncannily stealthy
A: unfitting armour, see invisible, herbivore 3, speed 3, slow metabolism 2
a: Shadow Step, Shadow Form, Renounce Religion


You were on level 3 of the Snake Pit.
You worshipped Dithmenos.
Dithmenos was extremely pleased with you.
You were not hungry.

You visited 5 branches of the dungeon, and saw 32 of its levels.
You also visited: Labyrinth and Ossuary.

You collected 3487 gold pieces.
You spent 614 gold pieces at shops.

Inventory:

Hand weapons
 a - a +2 rapier of speed
 d - a +4 dagger of venom (weapon)
 f - a +4 hand axe of electrocution
 s - a +0 quick blade of freezing
 w - a +0 blowgun
Missiles
 b - 47 tomahawks (quivered)
 e - 2 tomahawks of dispersal
 y - 24 poisoned needles
 H - 4 tomahawks of returning
 M - 3 needles of sleeping
Armour
 l - the +2 cloak of Dogma (worn) {MR+ Slay+2}
   (You bought it in a shop on level 4 of the Orcish Mines)

   It affects your accuracy and damage with ranged weapons and melee attacks
   (+2).
   It affects your resistance to hostile enchantments.
 S - a troll hide (worn)
Rods
 q - a +3 lightning rod (13/13)
   (You found it on level 10 of the Dungeon)
 v - a +1 rod of shadows (4/14)
   (You found it on level 3 of the Lair of Beasts)
Jewellery
 c - an uncursed ring of sustain abilities
 k - an uncursed ring of teleportation
 E - an uncursed ring of protection from fire
 I - a ring of protection from fire (left hand)
 N - an uncursed ring of ice
 P - an amulet of guardian spirit (around neck)
 U - a ring of protection from cold (right hand)
Magical devices
 o - a wand of heal wounds (6)
 t - a wand of draining (5)
 G - a wand of draining (0)
 Z - a wand of draining (0)
Scrolls
 h - 16 scrolls of remove curse
 A - 2 scrolls of identify
 B - 2 scrolls of blinking
 C - 3 scrolls of fog
 J - 6 scrolls of teleportation
 K - 2 scrolls of magic mapping
 Q - 3 scrolls of fear
Potions
 i - a potion of brilliance
 j - 11 potions of restore abilities
 m - 4 potions of cancellation
 n - 4 potions of lignification
 p - a potion of mutation
 r - 4 potions of flight
 u - 2 potions of berserk rage
 x - 15 potions of curing
 z - 3 potions of resistance
 F - a potion of ambrosia
 L - 2 potions of might
 O - 3 potions of heal wounds
 V - a potion of agility
Books
 T - a Young Poisoner's Handbook

   Spells                             Type                      Level
   a - Sting                          Conjuration/Poison           1
   b - Cure Poison                    Poison                       2
   c - Mephitic Cloud                 Conjuration/Poison/Air       3
   d - Olgreb's Toxic Radiance        Poison                       4
   e - Venom Bolt                     Conjuration/Poison           5
Comestibles
 g - 16 bread rations
 D - 2 fruits


   Skills:
 - Level 1.5 Fighting
 - Level 5.5 Short Blades
 - Level 2.1 Throwing
 - Level 22.6 Dodging
 * Level 25.5 Stealth
 - Level 12.9 Invocations
 - Level 6.4 Evocations


You had 9 spell levels left.
You knew the following spells:

 Your Spells              Type           Power        Failure   Level  Hunger
a - Apportation           Tloc           #.........   47%         1    ##.....
b - Repel Missiles        Chrm/Air       #.....       73%         2    ###....
c - Dazzling Spray        Conj/Hex       #.......     96%         3    ####...


Dungeon Overview and Level Annotations

Branches:
Dungeon (15/15)            Temple (1/1) D:6            Lair (8/8) D:11
  Swamp (0/5) Lair:4        Snake (4/5) Lair:6        Slime (0/6) Lair:8
    Orc (4/4) D:9             Elf (0/3) Orc:3        Vaults (0/5) D:14
 Depths (0/5) D:15

Altars:
Ashenzari
Cheibriados
Dithmenos
Elyvilon
Fedhas
Gozag
Kikubaaqudgha
Makhleb
Nemelex Xobeh
Okawaru
Qazlal
Ru
Sif Muna
Trog
Vehumet
Xom
Yredelemnul
Zin
The Shining One
Beogh

Shops:
D:15 %   Orc:4 [([(

Portals:
Trove: D:10 (give 2 potions of cure mutation)

Annotations:
D:5 Menkaure
D:12 exclusion: 3 doors


Innate Abilities, Weirdness & Mutations

You are tiny and cannot use many weapons and most armour.
You have supernaturally acute eyesight.
You are a herbivore.
You cover ground extremely quickly.
You need consume almost no food.


Message History

The stone arrow hits the shock serpent.
The shock serpent's electric aura discharges!
The lightning shocks you. The lightning shocks your giant frog.
Your giant frog dies!
Your giant frog's corpse dissolves into shadows!
The lightning shocks your gargoyle.
You hit the shock serpent.
The shock serpent is heavily wounded.
The shock serpent completely misses you.
Your gargoyle hits the shock serpent with a dire flail!
The shock serpent's electric aura discharges!
The lightning shocks you. The lightning shocks your gargoyle.
You closely miss the shock serpent.
The shock serpent is severely wounded.
The shock serpent closely misses you.
The shock serpent shoots out a bolt of lightning at you!
The bolt of electricity hits you!
* * * LOW HITPOINT WARNING * * *
The bolt of electricity hits you!
You die...

#..##.#
###############.....####
...S..†..[..†>...#.....#
##################.###.#
#?......# #......#.. #
###%#...)(# #.######.#
.S.....#..# #.# #.#
.##....#.####.######.#
.#####...(...9S.@.(#.#
.# ########.####.#.# †#
#....#.#...(..# S#
###'##)#.#....#(# .#
#......#....#...# .#
#..........##.#.# ##
#.....#######.###
#.....# ### #....##


You could see a shock serpent and a friendly gargoyle.

Vanquished Creatures
  Maud (Lair:4)
  Aizul (Snake:2)
  An orc warlord (Orc:2)
  The ghost of chipmonk the Bludgeoner, a powerful MiBe of Trog (Orc:4)
  A dire elephant (D:15)
  Snorg (Lair:8)
  A minotaur (Lab)
  A great orb of eyes (D:15)
  12 hydras
  Fannar (Orc:3)
  A naga warrior (Snake:4)
  An ogre mage (D:14)
  7 centaur warriors
  3 catoblepae (Lair:8)
  An anaconda (Snake:2)
  5 death yaks (Lair:8)
  5 naga sharpshooters (Snake:3)
  The ghost of Deemzul the Martial Artist, an experienced OpMo of Dithmenos (D:12)
  An orc high priest (Orc:4)
  Nergalle (D:14)
  A deep elf knight (D:14)
  12 skeletal warriors (D:15)
  A shock serpent (Snake:1)
  9 hill giants
  A swamp dragon (Lair:7)
  2 naga ritualists
  4 orc knights
  A wolf spider zombie (D:13)
  A hornet (D:14)
  An orc sorcerer (Orc:4)
  4 griffons
  3 mana vipers
  6 ugly things
  2 salamanders
  10 black mambas
  6 elephants (Lair:8)
  A guardian serpent (Snake:4)
  Joseph (D:7)
  2 gargoyles
  2 cyclopes
  5 spiny frogs
  A torpor snail (Lair:7)
  A naga mage (Snake:2)
  A kobold demonologist (D:14)
  4 yaktaurs (D:14)
  5 komodo dragons
  4 wandering mushrooms (D:8)
  2 deep elf priests (D:14)
  A blue devil (Orc:4)
  5 fire drakes
  Prince Ribbit (Orc:1)
  5 trolls
  6 two-headed ogres
  A baby alligator (shapeshifter) (D:14)
  5 slime creatures (D:15)
  A basilisk (shapeshifter) (D:15)
  A boulder beetle (D:14)
  12 basilisks
  21 blink frogs
  2 wraiths
  A hog (shapeshifter) (D:15)
  A shadow (D:9)
  59 yaks
  A steam dragon (D:8)
  Eustachio (D:6)
  5 wyverns
  2 deep elf magi
  14 hippogriffs
  3 deep elf fighters (D:14)
  6 vampire mosquitoes
  A hungry ghost (D:13)
  2 soldier ants
  Edmund (D:8)
  7 nagas
  6 wargs
  8 wolves
  10 porcupines
  A swamp drake (Lair:7)
  11 water moccasins
  3 black bears
  25 orc warriors
  A phantom (D:14)
  3 ice beasts
  11 ogres
  2 boring beetles (Lair:6)
  13 crocodiles
  25 centaurs
  Sigmund (D:7)
  Duvessa (Orc:1)
  A big kobold (D:14)
  A brain worm (D:15)
  A wyvern zombie (D:15)
  17 giant frogs
  2 oklob saplings (D:8)
  3 scorpions
  4 wights (D:11)
  16 killer bees
  2 electric eels (Lair:5)
  7 hounds
  Dowan (Orc:1)
  2 quasits
  3 centaur zombies
  7 crimson imps
  2 giant frog zombies
  2 goliath beetles
  5 jellies
  34 orc priests
  4 centaur skeletons
  2 giant frog skeletons
  3 human zombies (Ossuary)
  11 iguanas
  39 orc wizards
  10 worker ants
  Ijyb (D:2)
  Jessica (D:3)
  12 sheep
  4 mummies
  A hound zombie (D:7)
  Terence (D:2)
  9 gnolls
  A worker ant zombie (D:10)
  Robin (D:1)
  68 river rats
  20 adders
  5 shadow imps
  2 giant mites
  4 worms
  An adder skeleton (D:8)
  An adder zombie (D:10)
  7 giant geckos
  2 oozes
  195 orcs
  A bat zombie (D:5)
  7 giant cockroaches
  A gnoll zombie (Ossuary)
  27 goblins
  23 hobgoblins
  9 quokkas
  3 ball pythons
  24 bats
  9 giant newts
  A giant spore (D:12)
  A goblin zombie (Ossuary)
  3 hobgoblin zombies
  13 jackals
  30 kobolds
  A kobold zombie (D:7)
  3 orc zombies
  8 rats
  9 ballistomycetes (D:12)
  10 fungi
  11 plants
1135 creatures vanquished.

Vanquished Creatures (collateral kills)
  An orc warlord (Orc:4)
  A hydra (Lair:8)
  3 death yaks (Lair:8)
  A skeletal warrior (D:15)
  A sea snake (Snake:1)
  3 elephants (Lair:8)
  An ugly thing (D:14)
  A black mamba (Snake:3)
  A yaktaur (D:14)
  A komodo dragon (Lair:7)
  2 blink frogs (Lair:8)
  5 yaks
  2 centaur simulacra
  3 wyverns
  3 nagas
  A vampire mosquito (Lair:7)
  A water moccasin (Snake:3)
  2 swamp worms (Lair:7)
  2 orc warriors (Orc:4)
  A centaur (Orc:4)
  An orc priest (Orc:4)
  An orc wizard (Orc:4)
  7 sheep
  2 orcs (Orc:4)
  A giant spore (Orc:4)
48 creatures vanquished.

Vanquished Creatures (others)
  2 hill giants
  A cyclops (D:14)
  An octopode (shapeshifter) (Lair:8)
  2 trolls
  2 slime creatures
  2 yaks
  A hungry ghost (Lair:8)
  A hippogriff (D:14)
  A soldier ant (Lair:8)
  An orc warrior (D:14)
  An ogre (D:14)
  A centaur (Lair:8)
  5 giant frogs
  A scorpion (Lair:7)
  An orc priest (Lair:6)
  A giant frog zombie (Lair:6)
  A worker ant (D:14)
  An orc wizard (Lair:6)
  2 sheep (D:14)
  A shadow imp (D:15)
  A giant gecko (Lair:5)
  5 orcs
  A giant newt (Lair:4)
  2 giant spores
  30 fungi (Lair:8)
  2 plants (Lair:8)
70 creatures vanquished.

Grand Total: 1253 creatures vanquished

Notes
Turn   | Place    | Note
--------------------------------------------------------------
     0 | D:1      | Chiseanne, the Spriggan Assassin, began the quest for the Orb.
     0 | D:1      | Reached XP level 1. HP: 10/10 MP: 2/2
    20 | D:1      | Reached skill level 6 in Stealth
   201 | D:1      | Reached XP level 2. HP: 11/14 MP: 4/4
   535 | D:1      | Reached skill level 7 in Stealth
  1033 | D:2      | Noticed Robin
  1035 | D:2      | Reached XP level 3. HP: 18/18 MP: 6/6
  1115 | D:1      | Killed Robin
  1612 | D:2      | Reached XP level 4. HP: 22/22 MP: 8/8
  1841 | D:2      | Noticed Ijyb
  1872 | D:2      | Killed Ijyb
  1872 | D:2      | Reached skill level 8 in Stealth
  2098 | D:2      | Noticed Terence
  2300 | D:2      | Killed Terence
  2492 | D:3      | Noticed Jessica
  2500 | D:3      | Killed Jessica
  2500 | D:3      | Reached XP level 5. HP: 14/25 MP: 10/10
  2652 | D:3      | Reached skill level 5 in Dodging
  3498 | D:4      | Found a shimmering altar of Xom.
  3498 | D:4      | Found a white marble altar of Elyvilon.
  3650 | D:4      | Reached skill level 9 in Stealth
  3840 | D:4      | Reached XP level 6. HP: 30/30 MP: 12/12
  4541 | D:4      | Reached skill level 10 in Stealth
  4776 | D:5      | Entered Level 5 of the Dungeon
  5078 | D:5      | Reached XP level 7. HP: 33/33 MP: 14/14
  5208 | D:5      | Reached skill level 11 in Stealth
  5521 | D:5      | Found an opulent altar of Gozag.
  5682 | D:5      | Noticed Menkaure
  5820 | D:6      | Reached skill level 12 in Stealth
  6126 | D:6      | Noticed Eustachio
  6160 | D:6      | Killed Eustachio
  6160 | D:6      | Reached XP level 8. HP: 37/37 MP: 16/16
  6292 | D:6      | Found a glowing golden altar of the Shining One.
  6357 | D:6      | Reached skill level 13 in Stealth
  6570 | D:6      | Found a sand-covered staircase.
  6575 | Ossuary  | Entered an ossuary
  7136 | D:6      | Found a staircase to the Ecumenical Temple.
  7322 | Temple   | Entered the Ecumenical Temple
  7393 | Temple   | Became a worshipper of Dithmenos the Shadowed
  7703 | D:7      | Noticed Sigmund
  7765 | D:7      | Killed Sigmund
  7765 | D:7      | Reached skill level 14 in Stealth
  7828 | D:7      | Noticed a gargoyle
  7836 | D:7      | Killed a gargoyle
  7836 | D:7      | Reached skill level 10 in Dodging
  7836 | D:7      | Reached XP level 9. HP: 41/41 MP: 18/18
  7956 | D:7      | Noticed Joseph
  8008 | D:7      | Killed Joseph
  8051 | D:7      | Found a glowing silver altar of Zin.
  8480 | D:8      | Reached skill level 15 in Stealth
  9512 | D:8      | Noticed Edmund
  9546 | D:8      | Killed Edmund
  9546 | D:8      | Reached skill level 16 in Stealth
  9603 | D:8      | Found a blossoming altar of Fedhas.
  9606 | D:8      | Reached XP level 10. HP: 46/46 MP: 19/19
 10049 | D:8      | Found a burning altar of Makhleb.
 10050 | D:8      | Found a radiant altar of Vehumet.
 10455 | D:9      | Noticed an eight-headed hydra
 10559 | D:9      | Acquired Dithmenos' first power
 10721 | D:9      | Reached skill level 17 in Stealth
 10864 | D:9      | Found a staircase to the Orcish Mines.
 11304 | D:10     | Entered Level 10 of the Dungeon
 11393 | D:10     | Found a shadowy altar of Dithmenos.
 11869 | D:10     | Noticed a purple ugly thing
 11888 | D:10     | Killed a purple ugly thing
 12027 | D:10     | Reached skill level 1 in Invocations
 12065 | D:10     | Noticed a hill giant
 12145 | D:10     | Killed a hill giant
 12469 | D:10     | Noticed a hill giant
 12546 | D:10     | Killed a hill giant
 12546 | D:10     | Reached skill level 5 in Invocations
 12689 | D:10     | Found a portal to a secret trove of treasure.
 12901 | D:10     | Learned a level 1 spell: Apportation
 12955 | D:10     | Reached XP level 11. HP: 49/49 MP: 25/25
 13042 | D:11     | Found a staircase to the Lair.
 13805 | D:11     | Acquired Dithmenos' second power
 14422 | D:12     | Noticed Deemzul's ghost (experienced OpMo)
 14440 | D:12     | Killed Deemzul's ghost
 14531 | D:12     | Noticed a hill giant
 14538 | D:12     | Killed a hill giant
 14538 | D:12     | Reached skill level 10 in Invocations
 14736 | D:12     | Noticed a five-headed hydra
 14868 | D:12     | Noticed an eight-headed hydra
 14875 | D:12     | Killed an eight-headed hydra
 14875 | D:12     | Reached skill level 18 in Stealth
 15042 | D:12     | Noticed a hill giant
 15081 | D:12     | Killed a hill giant
 15206 | D:12     | Noticed a hill giant
 15219 | D:12     | Killed a hill giant
 15514 | D:13     | Reached XP level 12. HP: 48/53 MP: 23/29
 15626 | D:13     | Reached skill level 15 in Dodging
 15800 | D:13     | Learned a level 2 spell: Repel Missiles
 15804 | D:13     | Found a white marble altar of Elyvilon.
 15887 | D:13     | Noticed a six-headed hydra
 15894 | D:13     | Killed a six-headed hydra
 15894 | D:13     | Reached skill level 19 in Stealth
 16092 | D:13     | Acquired Dithmenos' third power
 16395 | D:13     | You fall through a shaft!
 16399 | D:14     | Noticed a centaur warrior
 16427 | D:14     | Killed a centaur warrior
 16471 | D:14     | Noticed a centaur warrior
 16474 | D:14     | Killed a centaur warrior
 16804 | D:14     | Noticed a centaur warrior
 17431 | Orc:1    | Entered Level 1 of the Orcish Mines
 18090 | Orc:2    | Noticed an orc warlord
 18186 | Orc:2    | Reached skill level 20 in Stealth
 18223 | Orc:1    | Noticed Prince Ribbit
 18225 | Orc:1    | Killed Prince Ribbit
 18294 | Orc:1    | Noticed Dowan
 18295 | Orc:1    | Noticed Duvessa
 18313 | Orc:1    | Killed Duvessa
 18318 | Orc:1    | Killed Dowan
 18742 | Orc:2    | Acquired Dithmenos' fourth power
 19045 | Orc:2    | Killed an orc warlord
 19045 | Orc:2    | Reached skill level 5 in Short Blades
 19449 | Orc:3    | Found a staircase to the Elven Halls.
 19449 | Orc:3    | Noticed Fannar
 19557 | Lair:1   | Entered Level 1 of the Lair of Beasts
 20545 | Lair:2   | Reached skill level 21 in Stealth
 20714 | Lair:2   | Reached XP level 13. HP: 57/57 MP: 31/31
 22137 | Lair:4   | Found a labyrinth entrance.
 22152 | Lab      | Entered a labyrinth
 22810 | Lab      | Identified the Disquisition on Floating Battle Magic
 22833 | Lab      | Identified a +0 rod of shadows (13/13) (You found it on level 3 of the Lair of Beasts)
 22834 | Lab      | Identified a +1 rod of ignition (10/10) (You found it in a labyrinth)
 22876 | Lair:4   | Found a staircase to the Swamp.
 23332 | Lair:1   | Learned a level 3 spell: Dazzling Spray
 23841 | Lair:4   | Noticed Maud
 23908 | Lair:4   | Killed Maud
 24048 | Lair:4   | Identified a scroll of acquirement
 25461 | Lair:5   | Reached skill level 1 in Evocations
 26293 | Lair:6   | Found a staircase to the Snake Pit.
 26769 | Lair:7   | Reached skill level 5 in Evocations
 26847 | Lair:7   | Reached XP level 14. HP: 36/61 MP: 19/33
 27833 | Lair:8   | Entered Level 8 of the Lair of Beasts
 27852 | Lair:8   | Noticed Snorg
 27855 | Lair:8   | Killed Snorg
 29363 | Lair:8   | Found a staircase to the Slime Pits.
 30200 | Lair:1   | Upgraded the game from 0.16.1-5-gaa23807 to 0.16.1-7-g2c6721e
 30351 | Orc:1    | You fall through a shaft!
 30528 | Orc:3    | Found a bloodstained altar of Trog.
 30839 | Orc:3    | Killed Fannar
 31546 | Orc:4    | Entered Level 4 of the Orcish Mines
 31553 | Orc:4    | Noticed chipmonk's ghost (powerful MiBe)
 31587 | Orc:4    | Killed chipmonk's ghost
 31712 | Orc:4    | Found a roughly hewn altar of Beogh.
 31836 | Orc:4    | Found a roughly hewn altar of Beogh.
 31882 | Orc:4    | Found a roughly hewn altar of Beogh.
 31882 | Orc:4    | Found Hicaimegoxt's Armour Boutique.
 31910 | Orc:4    | Bought the +2 cloak of Dogma {MR+ Slay+2} for 355 gold pieces
 31981 | Orc:4    | Found a roughly hewn altar of Beogh.
 32517 | Orc:4    | Found a roughly hewn altar of Beogh.
 32895 | Orc:4    | Noticed an orc warlord
 33187 | Orc:4    | Killed an orc warlord
 33187 | Orc:4    | Reached XP level 15. HP: 65/65 MP: 34/34
 33368 | Orc:4    | Found a roughly hewn altar of Beogh.
 33368 | Orc:4    | Found Twuifaek's Antique Weapon Emporium.
 33373 | Orc:4    | Found Sosh's Antique Armour Shoppe.
 33557 | Orc:4    | Found a roughly hewn altar of Beogh.
 33597 | Orc:4    | Found Poaruez's Antique Weapon Boutique.
 33643 | Orc:4    | Found a roughly hewn altar of Beogh.
 34080 | D:14     | Noticed a centaur warrior
 34083 | D:14     | Noticed Nergalle
 34087 | D:14     | Killed a centaur warrior
 34118 | D:14     | Killed Nergalle
 34290 | D:14     | Reached skill level 22 in Stealth
 34330 | D:15     | Entered Level 15 of the Dungeon
 34526 | D:14     | Noticed a seven-headed hydra
 34542 | D:14     | Killed a seven-headed hydra
 34702 | D:14     | Killed a centaur warrior
 34740 | D:14     | Noticed an ogre mage
 34883 | D:14     | Found a gate to the Vaults.
 34932 | D:14     | Killed an ogre mage
 35687 | D:15     | Reached skill level 23 in Stealth
 36297 | D:15     | Found Caeruegh's Food Boutique.
 36301 | D:15     | Bought a bread ration for 70 gold pieces
 36301 | D:15     | Bought a slice of pizza for 21 gold pieces
 36301 | D:15     | Bought 2 fruits for 42 gold pieces
 36301 | D:15     | Bought 3 fruits for 63 gold pieces
 36301 | D:15     | Bought 3 fruits for 63 gold pieces
 36447 | D:15     | Found a staircase to the Depths.
 36834 | D:15     | Reached skill level 24 in Stealth
 36991 | D:14     | Found a glowing silver altar of Zin.
 37024 | D:14     | Found a sparkling altar of Nemelex Xobeh.
 37802 | Snake:1  | Entered Level 1 of the Snake Pit
 38231 | Snake:2  | Reached XP level 16. HP: 69/69 MP: 35/35
 38479 | Snake:4  | Reached skill level 25 in Stealth
 39072 | Snake:2  | Noticed Aizul
 39075 | Snake:2  | Killed Aizul
 39636 | Snake:3  | Killed from afar by a shock serpent

Action                   |  1- 3 |  4- 6 |  7- 9 | 10-12 | 13-15 | 16-18 || total
-------------------------+-------+-------+-------+-------+-------+-------++-------
Melee: Dagger            |   140 |    57 |       |       |       |     8 ||   205
       Hand axe          |       |    13 |    26 |   284 |  1021 |    37 ||  1381
       Short sword       |       |   103 |   205 |   436 |     1 |       ||   745
       Rapier            |       |       |   104 |   247 |   438 |    16 ||   805
       Quick blade       |       |       |       |       |   223 |       ||   223
 Fire: Blowgun           |    11 |    46 |    53 |   164 |   284 |       ||   558
Throw: Tomahawk          |       |       |       |     5 |    15 |       ||    20
 Cast: Repel Missiles    |       |       |       |       |     1 |       ||     1
       Apportation       |       |       |       |       |     3 |     4 ||     7
Invok: Shadow Step       |       |       |       |     5 |    29 |     6 ||    40
Evoke: Wand              |       |       |     3 |    14 |    11 |     5 ||    33
       Rod               |       |       |       |       |   105 |    15 ||   120
  Use: Scroll            |       |    16 |     4 |    12 |    15 |     1 ||    48
       Potion            |       |     2 |     1 |     4 |     3 |       ||    10
 Stab: Sleeping          |     5 |    23 |    34 |   118 |   179 |    14 ||   373
       Distracted        |     1 |     4 |     3 |     9 |    38 |     1 ||    56
       Invisible         |       |       |     3 |     8 |       |       ||    11
       Confused          |       |       |       |       |     2 |       ||     2
  Eat: Pizza             |       |     1 |     1 |       |     1 |       ||     3
       Royal jelly       |       |     1 |       |       |       |       ||     1
       Bread ration      |       |       |     1 |       |     1 |       ||     2
       Fruit             |       |       |       |    15 |    36 |       ||    51
